 Dungeon Crawl Stone Soup version 0.32-a0-909-gc671339a80 (webtiles) character file.

Game seed: 393283832955332313

80 Lanoc the Slasher (level 4, -5/24 (35) HPs)
             Began as a Coglin Chaos Knight on Apr 7, 2024.
             Was a Plaything of Xom.
             Killed by divine providence
             ... invoked by an orc priest
              (12 damage)
             ... on level 4 of the Dungeon.
             The game lasted 00:02:19 (2042 turns).

Lanoc the Slasher (Coglin Chaos Knight)             Turns: 2042, Time: 00:02:19

HP:   -5/24 (35)    AC:  7    Str: 12      XL:     4   Next: 39%
MP:   4/4           EV: 11    Int: 11 (12) God:    Xom [......]
Gold: 150           SH:  0    Dex: 14 (15) Spells: 3/3 levels left

rFire   . . .        a - +0 falchion (chaos) {Tae}
rCold   . . .        d - +0 dagger {Stanko}
rNeg    . . .        b - +2 leather armour
rPois   .            (no helmet)
rElec   .            o - +1 cloak
rCorr   .            (no gloves)
SInv    .            (no boots)
Will    .....        (amulet unavailable)
Stlth   +            (ring unavailable)
HPRegen 0.24/turn    (ring unavailable)
MPRegen 0.09/turn    (no gizmo)

%: no passive effects
@: very heavily drained
A: off-hand wielding, slow wielding, warmup strikes, no jewellery, deterioration
1, mutation resistance 1, passive freeze, sturdy frame 1
a: Invent Gizmo, Renounce Religion


You were on level 4 of the Dungeon.
You worshipped Xom.
You were a very special plaything of Xom.
You visited 1 branch of the dungeon, and saw 4 of its levels.

You collected 192 gold pieces.
You spent 42 gold pieces at shops.

Inventory:

Hand Weapons
 a - a +0 falchion of chaos (weapon) {Tae}
 d - a +0 dagger (offhand) {Stanko}
Armour
 b - a +2 leather armour (worn)
 o - a +1 cloak (worn)
Scrolls
 c - a scroll of butterflies
 e - 6 scrolls of identify {unknown}
 f - 3 scrolls of blinking {unknown}
 l - a scroll of enchant armour {unknown}
 m - 2 scrolls of enchant weapon {unknown}
 n - a scroll of noise {unknown}
Potions
 g - a potion of mutation {unknown}
 h - a potion of curing
 i - a potion of attraction {unknown}
 j - a potion of might {unknown}
 k - a potion of invisibility {unknown}


   Skills:
 + Level 3.5 Fighting
 * Level 3.9 Long Blades
 + Level 2.4 Armour
 + Level 1.7 Dodging


You had 3 spell levels left.
You didn't know any spells.
Your spell library contained the following spells:

 Spells                   Type           Power      Damage    Failure   Level
 Olgreb's Toxic Radiance  Alch           0%         N/A       98%         4
 Ozocubu's Refrigeration  Ice            0%         4d7       100%        7
 Discord                  Hex            0%         N/A       100%        8


Dungeon Overview and Level Annotations

Branches:
Dungeon (4/15)
 Temple: D:4-7

Altars:
Xom
Zin

Shops:
D:1 !


Innate Abilities, Weirdness & Mutations

You can wield a second weapon in your off-hand.
It takes a long time for you to wield or remove held weapons.
Your first few attacks do less damage.
You cannot equip rings or amulets.
Your body sometimes deteriorates upon taking damage.
You are somewhat resistant to further mutation.
A frigid envelope surrounds you and freezes all who hurt you.
Your movements are slightly less encumbered by armour. (ER -2)


Message History

The orc barely misses you.
You barely miss the orc with your +0 dagger.
You closely miss the orc with your +0 falchion of chaos.
The orc hits you but does no damage. The orc hits you with a +0 falchion.
The orc is very cold.
The orc is lightly wounded.
The orc closely misses you.
The ball python attacks as it pursues you!
The ball python misses you. The ball python grabs you.
The ball python is very cold.
The ball python is heavily wounded.
The ball python constricts you. The orc attacks as it pursues you!
The orc hits you but does no damage.
The orc is very cold.
The orc is moderately wounded.
The ball python's grasp on you weakens, but your attempt to escape fails.
The ball python bites you but does no damage.
The ball python is very cold.
You kill the ball python!
The orc hits you from afar with a +0 trident!
The orc priest calls down the wrath of Beogh upon you.
Pain shoots through your body!
* * * LOW HITPOINT WARNING * * *
The orc hits you but does no damage.
The orc is very cold.
The orc is almost dead.
You feel better. The orc barely misses you.
The orc hits you but does no damage.
The orc is very cold.
You kill the orc!
The orc priest calls upon Beogh to heal the orc.
The orc's wounds heal themselves!
The orc attacks as it pursues you! The orc hits you with a +0 falchion.
* * * LOW HITPOINT WARNING * * *
Your body deteriorates!
You feel clumsy.
The orc is very cold.
The orc is heavily wounded.
The orc attacks as it pursues you! The orc barely misses you.
The orc priest mumbles some strange prayers to Beogh against you.
Beogh smites you!
Ouch! That really hurt!
You die...
Xom titters!

... ####
..###...##
#.......#
#.......#
#..o....#
#oo##...#
###### #..#
..# ###....##
#o.# .#
###.......##
#@.# #
#.....#....#
#..#
#...#####..##
##..# ##..#
#)..###...#
#..##
##......>.#
##..#
#.......##
###..##
##....###
......#
#...##
+#....##
#####


You could see an orc priest and 3 orcs.

Vanquished Creatures
  2 adders (D:2)
  A dart slug (D:1)
  4 orcs
  A bat (D:2)
  3 endoplasms
  2 giant cockroaches
  5 goblins
  6 hobgoblins
  3 quokkas
  8 ball pythons
  8 frilled lizards
  4 kobolds
  7 rats
54 creatures vanquished.

Notes
Turn   | Place    | Note
-------+----------+-------------------------------------------
     0 | D:1      | Lanoc the Coglin Chaos Knight began the quest for the Orb.
     0 | D:1      | Reached XP level 1. HP: 18/18 MP: 1/1
    38 | D:1      | Reached skill level 1 in Dodging
    91 | D:1      | XOM: potion effect (haste)
    98 | D:1      | Reached XP level 2. HP: 24/24 MP: 2/2
   201 | D:1      | XOM: silly message
   315 | D:1      | Found Danax Zoo's Distillery.
   322 | D:1      | Bought a potion of curing for 42 gold pieces
   431 | D:1      | XOM: divination: detect items
   520 | D:1      | XOM: 1-stop teleportation journey
   661 | D:1      | XOM: noise
   690 | D:2      | Found a faded altar of an unknown god.
   763 | D:2      | Reached XP level 3. HP: 29/29 MP: 3/3
   868 | D:2      | XOM: scenery: create altars
   881 | D:2      | XOM: 4-stop teleportation journey
  1079 | D:2      | Reached XP level 4. HP: 35/35 MP: 4/4
  1516 | D:3      | XOM: 2-stop teleportation journey
  1618 | D:3      | XOM: give mutations
  1618 | D:3      | Gained mutation: Your movements are slightly less
                  | encumbered by armour. (ER -2) [Xom's mischief]
  1618 | D:3      | Gained mutation: A frigid envelope surrounds you and
                  | freezes all who hurt you. [Xom's mischief]
  1618 | D:3      | Gained mutation: Your body sometimes deteriorates upon
                  | taking damage. [Xom's mischief]
  1618 | D:3      | Gained mutation: You are somewhat resistant to further
                  | mutation. [Xom's mischief]
  1748 | D:3      | XOM: draining
  1784 | D:3      | Found a glowing silver altar of Zin.
  1852 | D:3      | XOM: torment (16/29 hp)
  2035 | D:4      | XOM: draining
  2042 | D:4      | Killed from afar by an orc priest

Illustrated notes

Levels and vault maps discovered:
D:1:      amcnicky_arrival_wind_blow, layout_basic, serial_shops, shop_statue,
          minmay_lizard_king
D:2:      layout_loops_ring, hellmonk_ecumenical_altar_pennies_from_heaven
D:3:      layout_basic, mainiacjoe_overflow_small_starburst
D:4:      layout_layer_cave, mainiacjoe_overflow_surrounded_room,
          kiku_gazebo_garden_becter

Skill      XL: |  1  2 |
---------------+-------+-----
Dodging        | 1 |  1.7
Armour         | 2 |  2.4
Fighting       | |  3.5
Long Blades    | |  3.9

Action                     |  1- 3 |  4- 6 || total
---------------------------+-------+-------++-------
  Melee: Falchion          |    84 |    22 ||   106
         Dagger            |    75 |    19 ||    94
    Use: Potion            |       |     1 ||     1
   Stab: Sleeping          |     1 |       ||     1
 Armour: Leather armour    |    41 |    19 ||    60
  Dodge: Dodged            |    56 |    12 ||    68

Table legend: (Time is in decaauts)
 A = Elapsed time spent in this place.
 B = Non-inter-level travel time spent in this place.
 C = Inter-level travel time spent in this place.
 D = Time resting spent in this place.
 E = Time spent auto-exploring this place.
 F = Levels seen in this place.
 G = Mean time per level.
                   A        B        C        D        E       F      G
               +--------+--------+--------+--------+--------+-----+--------+
         Total |   2024 |   2006 |     18 |      0 |   1674 |   4 |  506.0 |
       Dungeon |   2024 |   2006 |     18 |      0 |   1674 |   4 |  506.0 |
               +--------+--------+--------+--------+--------+-----+--------+

Top non-repeatable levels by time:
     D:2: 681 daAuts
     D:1: 670 daAuts
     D:3: 624 daAuts
     D:4: 47 daAuts
